 Dungeon Crawl Stone Soup version 0.30.1-6-gbe392663c4 (webtiles) character file.

Game seed: 3298424155681584292

329 booth the Chopper (level 6, -7/46 (51) HPs)
             Began as a Gnoll Reaver on Sept 21, 2023.
             Mangled by a wight
             ... wielding a +0 long sword
              (8 damage)
             ... on level 7 of the Dungeon.
             The game lasted 00:21:32 (3724 turns).

booth the Chopper (Gnoll Reaver)                    Turns: 3724, Time: 00:21:32

HP:   -7/46 (51)    AC:  7    Str: 11    XL:     6   Next: 51%
MP:   14/14         EV: 13    Int: 13    God:
Gold: 188           SH:  0    Dex: 12    Spells: 8/15 levels left

rFire   . . .        a - +2 hand axe
rCold   . . .        (no shield)
rNeg    . . .        b - +1 leather armour
rPois   .            (no helmet)
rElec   .            f - +2 cloak
rCorr   .            (no gloves)
SInv    .            (no boots)
Will    .....        (no amulet)
Stlth   ++           (no ring)
HPRegen 0.27/turn    (no ring)
MPRegen 0.14/turn

%: no passive effects
@: drained
A: fangs 1, strong nose, distributed training
a: no special abilities


You were on level 7 of the Dungeon.
You visited 1 branch of the dungeon, and saw 5 of its levels.

You collected 188 gold pieces.

Inventory:

Hand Weapons
 a - a +2 hand axe (weapon)
 n - a +2 whip of flaming
 p - a +1 mace of protection
Missiles
 d - 3 poisoned darts (quivered)
 j - 4 javelins
 l - a throwing net
Armour
 b - a +1 leather armour (worn)
 e - a +0 ring mail
 f - a +2 cloak (worn)
Jewellery
 k - a ring of magical power
Wands
 c - a wand of flame (8)
 m - a wand of charming (3)
Scrolls
 h - a scroll of fog
 q - a scroll of magic mapping {unknown}
Potions
 g - 4 potions of brilliance
 o - a potion of cancellation


   Skills:
 + Level 5.0 Fighting
 + Level 2.1 Short Blades
 + Level 2.1 Long Blades
 + Level 6.9 Axes
 + Level 2.1 Maces & Flails
 + Level 2.1 Polearms
 + Level 2.1 Staves
 + Level 2.1 Ranged Weapons
 + Level 2.1 Throwing
 + Level 2.1 Armour
 + Level 5.0 Dodging
 + Level 2.1 Stealth
 + Level 2.1 Shields
 + Level 2.1 Unarmed Combat
 + Level 5.4 Spellcasting
 + Level 5.7 Conjurations
 + Level 1.6 Hexes
 + Level 1.6 Summonings
 + Level 1.6 Necromancy
 + Level 1.6 Translocations
 + Level 1.6 Transmutations
 + Level 1.6 Fire Magic
 + Level 1.6 Ice Magic
 + Level 1.6 Air Magic
 + Level 1.6 Earth Magic
 + Level 1.6 Poison Magic
 + Level 2.3 Invocations
 + Level 2.1 Evocations


You had 8 spell levels left.
You knew the following spells:

 Your Spells              Type           Power      Damage    Failure   Level
a - Kiss of Death         Conj/Necr      52%        2d9       5%          1
b - Momentum Strike       Conj/Tloc      26%        3d8       8%          2
c - Hailstorm             Conj/Ice       13%        3d5       16%         3
d - Summon Small Mammal   Summ           28%        N/A       12%         1

Your spell library contained the following spells:

 Spells                   Type           Power      Damage    Failure   Level
 Slow                     Hex            28%        N/A       12%         1
 Call Canine Familiar     Summ           7%         N/A       34%         3
 Confusing Touch          Hex            7%         N/A       34%         3
 Summon Guardian Golem    Hex/Summ       7%         N/A       34%         3
 Vampiric Draining        Necr           7%         2d6       34%         3


Dungeon Overview and Level Annotations

Branches:
Dungeon (4/15)
 Temple: D:4-7

Altars:


Innate Abilities, Weirdness & Mutations

You have very sharp teeth.
Your uncanny sense of smell can sniff out nearby items.
Your experience applies equally to all skills.


Message History

Your +2 whip of flaming stops flaming.
a - a +2 hand axe (weapon)
The wight misses you.
You slash the wight! Your bite misses the wight.
The wight is heavily damaged.
You slash the wight!
You destroy the wight!
You hit the wight but do no damage. You hit the wight.
The wight hits you with a +0 long sword.
You feel drained. The wight hits you with a +3 hand axe!
You feel drained.
Your life force feels restored.
You barely miss the wight.
The wight is moderately damaged.
You hit the wight. The wight closely misses you.
The wight hits you with a +3 hand axe.
You barely miss the wight. Your bite misses the wight.
The wight is moderately damaged.
You barely miss the wight.
The wight hits you with a +0 long sword!
You feel drained. The wight hits you with a +3 hand axe.
You feel drained.
You completely miss the wight.
The wight is moderately damaged.
You hit the wight. The wight barely misses you.
The wight hits you with a +3 hand axe!
* * * LOW HITPOINT WARNING * * *
As you read the scroll labelled WECLYELYXO, it crumbles to dust.
The scroll dissolves into smoke.
It was a scroll of fog.
You feel a little less mighty now. The wight misses you.
The wight barely misses you. The wight attacks as you move away!
The wight hits you with a +3 hand axe.
* * * LOW HITPOINT WARNING * * *
You feel drained. The wight attacks as you move away! The wight misses you.
Things that are here:
a +0 mace; a +0 ring mail; an orc corpse You slash the wight!
The wight is almost destroyed.
You hit the wight. The wight hits you with a +3 hand axe.
* * * LOW HITPOINT WARNING * * *
The wight hits you with a +0 long sword!
You die...

# ........# ..
.......## ...
......... ....
......... ....^
###........
..?...#§#.§......
......§§§§§......
.....###zz§.###.
... ##@..# .
..........#
..........#
............
..........#..
......##.##....
##.... .# ...
##... .# ..


You could see 2 wights.

Vanquished Creatures
  An ogre (D:4)
  A wight (D:7)
  An iguana (D:4)
  Ijyb (D:2)
  An orc wizard (D:4)
  3 gnolls (D:3)
  A worm (D:4)
  2 dart slugs (D:1)
  8 orcs
  9 endoplasms
  11 giant cockroaches
  3 goblins (D:1)
  8 hobgoblins
  5 quokkas
  4 ball pythons
  5 bats
  A frilled lizard (D:1)
  A kobold (D:3)
  7 rats
73 creatures vanquished.

Notes
Turn   | Place    | Note
-------+----------+-------------------------------------------
     0 | D:1      | booth the Gnoll Reaver began the quest for the Orb.
     0 | D:1      | Reached XP level 1. HP: 20/20 MP: 6/6
    90 | D:1      | Reached XP level 2. HP: 26/26 MP: 7/7
   881 | D:1      | Reached skill level 5 in Spellcasting
   881 | D:1      | Reached XP level 3. HP: 31/31 MP: 7/9
   892 | D:1      | Learned a level 2 spell: Momentum Strike
   896 | D:1      | Learned a level 3 spell: Hailstorm
  1241 | D:1      | Reached skill level 1 in Invocations
  2218 | D:3      | Noticed Ijyb
  2341 | D:2      | Killed Ijyb
  2342 | D:2      | Reached skill level 1 in Short Blades
  2342 | D:2      | Reached skill level 1 in Long Blades
  2342 | D:2      | Reached skill level 1 in Maces & Flails
  2342 | D:2      | Reached skill level 1 in Polearms
  2342 | D:2      | Reached skill level 1 in Staves
  2342 | D:2      | Reached skill level 1 in Ranged Weapons
  2342 | D:2      | Reached skill level 1 in Throwing
  2342 | D:2      | Reached skill level 1 in Armour
  2342 | D:2      | Reached skill level 1 in Stealth
  2342 | D:2      | Reached skill level 1 in Shields
  2342 | D:2      | Reached skill level 1 in Unarmed Combat
  2342 | D:2      | Reached skill level 1 in Evocations
  2342 | D:2      | Reached XP level 4. HP: 20/36 MP: 9/11
  2418 | D:3      | Reached skill level 1 in Hexes
  2418 | D:3      | Reached skill level 1 in Summonings
  2418 | D:3      | Reached skill level 1 in Necromancy
  2418 | D:3      | Reached skill level 1 in Translocations
  2418 | D:3      | Reached skill level 1 in Transmutations
  2418 | D:3      | Reached skill level 1 in Fire Magic
  2418 | D:3      | Reached skill level 1 in Ice Magic
  2418 | D:3      | Reached skill level 1 in Air Magic
  2418 | D:3      | Reached skill level 1 in Earth Magic
  2418 | D:3      | Reached skill level 1 in Poison Magic
  2805 | D:3      | Reached XP level 5. HP: 43/43 MP: 12/12
  3166 | D:4      | Learned a level 1 spell: Summon Small Mammal
  3427 | D:4      | Noticed an ogre
  3440 | D:4      | Killed an ogre
  3441 | D:4      | Reached XP level 6. HP: 35/49 MP: 9/14
  3661 | D:4      | Reached skill level 5 in Fighting
  3661 | D:4      | Reached skill level 5 in Dodging
  3707 | D:4      | You fall into a shaft and drop 3 floors!
  3723 | D:7      | HP: 1/47 [wight/+3 hand axe (3)]
  3724 | D:7      | Mangled by a wight

Illustrated notes

Levels and vault maps discovered:
D:1:      dpeg_arrival_three_same_balls, layout_basic, nicolae_hexahallways,
          minmay_tromino_v4_a
D:2:      layout_loops_corners
D:3:      minmay_roachtagon, layout_rooms, uniq_ijyb
D:4:      layout_cave_pods, minmay_temple_entry_nine_rooms
D:7:      layout_cave_pools, uniq_maggie, uniq_crazy_yiuf_cottage,
          uniq_menkaure, uniq_duvessa

Skill      XL: |  1  2  3  4  5  6 |
---------------+-------------------+-----
Spellcasting   | 5 |  5.4
Invocations    | 1 2 |  2.3
Short Blades   | 1 2 |  2.1
Long Blades    | 1 2 |  2.1
Maces & Flails | 1 2 |  2.1
Polearms       | 1 2 |  2.1
Staves         | 1 2 |  2.1
Ranged Weapons | 1 2 |  2.1
Throwing       | 1 2 |  2.1
Armour         | 1 2 |  2.1
Stealth        | 1 2 |  2.1
Shields        | 1 2 |  2.1
Unarmed Combat | 1 2 |  2.1
Evocations     | 1 2 |  2.1
Hexes          | 1 |  1.6
Summonings     | 1 |  1.6
Necromancy     | 1 |  1.6
Translocations | 1 |  1.6
Transmutations | 1 |  1.6
Fire Magic     | 1 |  1.6
Ice Magic      | 1 |  1.6
Air Magic      | 1 |  1.6
Earth Magic    | 1 |  1.6
Poison Magic   | 1 |  1.6
Fighting       | 5 |  5.0
Dodging        | 5 |  5.0
Axes           | |  6.9
Conjurations   | |  5.7

Action                     |  1- 3 |  4- 6 || total
---------------------------+-------+-------++-------
  Melee: Hand axe          |   118 |    95 ||   213
         Bite              |     9 |    10 ||    19
         Punch             |     2 |     5 ||     7
         Whip              |       |    26 ||    26
  Throw: Dart              |     3 |     9 ||    12
         Javelin           |       |     4 ||     4
   Cast: Kiss of Death     |     1 |     1 ||     2
         Momentum Strike   |       |     2 ||     2
         Summon Small Mamm |       |     1 ||     1
    Use: Scroll            |     7 |     3 ||    10
         Potion            |     1 |     2 ||     3
   Stab: Sleeping          |     1 |       ||     1
 Armour: Leather armour    |    42 |    35 ||    77
  Dodge: Dodged            |    62 |    72 ||   134
